 Dungeon Crawl Stone Soup version 0.30-a0-310-g7d6cbdfea6 (webtiles) character file.

Game seed: 5810213658647005792

7560 Lobster4 the Arsonist (level 11, -8/92 HPs)
             Began as a Hill Orc Fire Elementalist on Oct 24, 2022.
             Was an Initiate of Gozag.
             Mangled by an ice devil (13 damage)
             ... on level 9 of the Dungeon.
             The game lasted 00:41:42 (13192 turns).

Lobster4 the Arsonist (Hill Orc Fire Elementalist) Turns: 13192, Time: 00:41:42

Health: -8/92      AC: 12    Str: 16    XL:     11   Next: 17%
Magic:  5/19       EV: 11    Int: 26    God:    Gozag
Gold:   648        SH:  0    Dex:  6    Spells: 7/21 levels left

rFire   + + .      SeeInvis .    U - +2 hand axe (flame)
rCold   . . .      Faith    .    (no shield)
rNeg    + . .      Spirit   .    Y - +1 robe of Crawling {rF++ Int+6 Dex-5}
rPois   .          Reflect  .    M - +2 helmet "Atop Vye" {Contam rN+ Int+5}
rElec   .          Harm     .    (no cloak)
rCorr   .          Rampage  .    u - +1 pair of gloves
Will    .....                    (no boots)
Stlth   +.........               (no amulet)
HPRegen 0.35/turn                J - +4 ring of slaying
MPRegen 0.16/turn                z - +4 ring of protection

@: no status effects
A: no striking features
a: Renounce Religion, Potion Petition, Call Merchant, Bribe Branch


You were on level 9 of the Dungeon.
You worshipped Gozag.
Gozag was pleased with you.
You visited 2 branches of the dungeon, and saw 10 of its levels.

You collected 1193 gold pieces.
You spent 510 gold pieces at shops.
You paid 35 gold pieces to Gozag.

Inventory:

Hand Weapons
 a - a +3 short sword
 b - a +0 sling
 j - a +1 dagger of venom
 G - a +0 shortbow
 L - a +6 dagger of speed
 U - a +2 hand axe of flaming (weapon)
 V - a +0 war axe
Missiles
 i - 5 atropa-tipped darts
 m - 2 javelins
 r - 24 boomerangs
 s - 29 poisoned darts (quivered)
 B - 2 throwing nets
 F - a curare-tipped dart
Armour
 q - a +1 helmet
 u - a +1 pair of gloves (worn)
 A - the +1 robe "Vopyuramn" {Dex+3}
   (You found it on level 4 of the Dungeon)

   Dex:       It affects your dexterity (+3).
 E - a +3 ring mail
 M - the +2 helmet "Atop Vye" (worn) {Contam rN+ Int+5}
   (You bought it in a shop on level 2 of the Dungeon)

   Int:       It affects your intelligence (+5).
   rN:        It protects you from negative energy.
   Contam:    It causes magical contamination when unequipped.
 Y - the +1 robe of Crawling (worn) {rF++ Int+6 Dex-5}
   (You bought it in a shop on level 2 of the Dungeon)

   Int:       It affects your intelligence (+6).
   Dex:       It affects your dexterity (-5).
   rF:        It greatly protects you from fire.
Jewellery
 k - a ring of see invisible
 z - a +4 ring of protection (right hand)
 J - a +4 ring of slaying (left hand)
 O - a ring of willpower
 Q - a ring of willpower
 R - a ring of wizardry
 W - a ring of wizardry
Wands
 c - a wand of quicksilver (6)
 e - a wand of digging (6)
 H - a wand of roots (14)
 K - a wand of mindburst (23)
 N - a wand of flame (7)
 T - a wand of polymorph (21)
Scrolls
 d - 5 scrolls of magic mapping
 w - a scroll of amnesia {unknown}
 y - 4 scrolls of enchant armour
 D - 2 scrolls of enchant weapon
 P - a scroll of immolation {unknown}
Potions
 f - 4 potions of curing
 g - 2 potions of cancellation {unknown}
 h - a potion of magic
 n - 2 potions of invisibility {unknown}
 o - a potion of might
 p - 4 potions of degeneration {unknown}
 t - 2 potions of ambrosia
 v - a potion of flight


   Skills:
 - Level 7.0 Fighting
 + Level 3.7 Short Blades
 + Level 1.5 Axes
 - Level 1.0 Throwing
 - Level 5.0 Armour
 - Level 2.0 Dodging
 - Level 2.0 Stealth
 + Level 5.5 Spellcasting
 + Level 6.9 Conjurations
 + Level 0.1 Transmutations
 * Level 11.3 Fire Magic
 + Level 0.1 Poison Magic
 - Level 3.0 Evocations


You had 7 spell levels left.
You knew the following spells:

 Your Spells              Type           Power      Damage    Failure   Level
a - Foxfire               Conj/Fire      100%       2x1d9     1%          1
b - Scorch                Fire           100%       2d10      1%          2
c - Flame Wave            Conj/Fire      53%        2d13      1%          4
d - Sticky Flame          Conj/Fire      53%        2d7       1%          4
e - Ignite Poison         Fire/Tmut/Pois 27%        N/A       4%          3

Your spell library contained the following spells:

 Spells                   Type           Power      Damage    Failure   Level
 Magic Dart               Conj           100%       1d8       1%          1
 Inner Flame              Hex/Fire       36%        N/A       2%          3
 Kindle Blastsparks       Fire/Tloc/Air  52%        2d14      4%          3
 Mephitic Cloud           Conj/Pois/Air  19%        N/A       9%          3
 Call Imp                 Summ           7%         N/A       11%         2
 Ignition                 Fire           30%        3d10      99%         8


Dungeon Overview and Level Annotations

Branches:
Dungeon (9/15)             Temple (1/1) D:5             Orc (0/2) D:9
   Lair: D:8-11

Altars:
Ashenzari
Cheibriados
Elyvilon
Fedhas
Gozag
Kikubaaqudgha
Makhleb
Nemelex Xobeh
Okawaru
Sif Muna
Trog
Uskayaw
Vehumet
Wu Jian
Yredelemnul
Zin
The Shining One
Beogh

Shops:
D:2 [   D:8 :


Message History

The ice devil is heavily wounded.
The ice devil completely misses you.
Unknown command.
Casting: Scorch (safe; 1% risk of failure)
Confirm with . or Enter, or press ? or * to list all spells.
Flames lash the ice devil.
The ice devil is burned terribly!
The ice devil is heavily wounded.
The ice devil barely misses you.
Unknown command.
You hit the ice devil. You burn the ice devil.
The ice devil is heavily wounded.
The ice devil hits you but does no damage.
You hit the ice devil but do no damage.
The ice devil is heavily wounded.
The ice devil hits you but does no damage.
You hit the ice devil. You burn the ice devil.
The ice devil is severely wounded.
The ice devil closely misses you. The ice devil hits you!
The ice devil freezes you!
* * * LOW HITPOINT WARNING * * *
You closely miss the ice devil.
The ice devil is severely wounded.
The ice devil hits you but does no damage.
Casting: Scorch (safe; 1% risk of failure)
Confirm with . or Enter, or press ? or * to list all spells.
Flames lash the ice devil.
The ice devil is burned terribly!
The ice devil is severely wounded.
The ice devil hits you.
* * * LOW HITPOINT WARNING * * *
The ice devil freezes you!
* * * LOW HITPOINT WARNING * * *
Unknown command.
Casting: Scorch (safe; 1% risk of failure)
Confirm with . or Enter, or press ? or * to list all spells.
Flames lash the ice devil but do no damage.
The ice devil hits you.
* * * LOW HITPOINT WARNING * * *
The ice devil freezes you!
You die...
Your body crumbles into a pile of gold.
PP5

#.....##.# #.#.###.#..###.
# #####.##.#
#.#............ #.##.#
#.#####.#..###.
####.##.####.#####.#..###.
..........................
###.###.####.......##.###.
####.###.# #.#####.##.# #.
.........####.#####.##.#
#.
####.....4@............#
#. #.########.#####.##.#
#. # ### ###### ##


You could see an ice devil (combustible).

Vanquished Creatures
  2 two-headed ogres
  Pikel (D:9)
  Joseph (D:7)
  An ice devil (D:9)
  A hellwing (D:9)
  Prince Ribbit (D:5)
  Sigmund (D:5)
  6 yaks (D:7)
  3 wraiths
  A ynoxinul (D:9)
  A wyvern (D:9)
  The ghost of heikuro the Shield-Bearer, an amateur FoFi of Qazlal (D:4)
  A neqoxec (D:9)
  A steam dragon (D:7)
  Duvessa (D:5)
  2 orc warriors (D:9)
  2 ice beasts
  A sky beast (D:7)
  An ogre (D:4)
  A black bear (D:7)
  3 centaurs
  4 lemures (D:6)
  2 phantoms (D:5)
  4 kobold brigands
  4 necrophages
  A gnoll sergeant (D:9)
  2 scorpions
  Dowan (D:5)
  2 quasits (D:9)
  6 orc priests
  3 gnoll boudas
  3 hounds (D:5)
  An iguana (D:7)
  Ijyb (D:3)
  4 orc wizards
  20 gnolls
  7 adders
  2 white imps
  2 ufetubi (D:5)
  4 worms
  2 dart slugs (D:4)
  28 orcs
  6 ball pythons
  5 bats
  7 endoplasms
  4 giant cockroaches
  14 goblins
  10 hobgoblins
  6 jackals (D:1)
  5 quokkas
  2 frilled lizards
  A goblin skeleton (D:3)
  2 hobgoblin zombies (D:3)
  18 kobolds
  2 kobold skeletons (D:3)
  A kobold zombie (D:3)
  An orc skeleton (D:3)
  2 orc zombies (D:3)
  6 rats
228 creatures vanquished.

Vanquished Creatures (others)
  3 demonic plants (D:9)
  749 foxfires
  3 plants (D:1)
755 creatures vanquished.

Grand Total: 983 creatures vanquished

Notes
Turn   | Place    | Note
-------+----------+-------------------------------------------
     0 | D:1      | Lobster4 the Hill Orc Fire Elementalist began the quest for
                  | the Orb.
     0 | D:1      | Reached XP level 1. HP: 14/14 MP: 3/3
   279 | D:1      | Reached XP level 2. HP: 17/20 MP: 0/4
   780 | D:1      | Found a faded altar of an unknown god.
   801 | D:1      | Reached XP level 3. HP: 20/27 MP: 5/5
   812 | D:1      | Reached skill level 1 in Fighting
  1188 | D:1      | Reached skill level 1 in Armour
  1551 | D:1      | Learned a level 2 spell: Scorch
  1681 | D:2      | You fall into a shaft and drop 1 floor!
  1707 | D:3      | Noticed Ijyb
  1915 | D:2      | Found Moenuomn's Antique Armour Shop.
  1985 | D:2      | Reached XP level 4. HP: 35/35 MP: 3/6
  2957 | D:3      | Found a snail-covered altar of Cheibriados.
  3308 | D:3      | Found a glowing golden altar of the Shining One.
  3338 | D:3      | Reached skill level 4 in Fire Magic
  3625 | D:3      | Reached XP level 5. HP: 37/41 MP: 8/8
  4120 | D:4      | Found a large runed translucent door.
  4120 | D:4      | Found a large runed translucent door.
  4122 | D:4      | Noticed heikuro's ghost (amateur FoFi)
  4466 | D:4      | Reached XP level 6. HP: 50/50 MP: 1/9
  4692 | D:4      | Identified the +1 robe "Vopyuramn" {Dex+3}
  4698 | D:4      | Found a radiant altar of Vehumet.
  4711 | D:4      | Reached skill level 1 in Throwing
  5064 | D:5      | Entered Level 5 of the Dungeon
  5065 | D:5      | Noticed Prince Ribbit
  5072 | D:5      | Killed Prince Ribbit
  5073 | D:5      | Reached skill level 5 in Fire Magic
  5073 | D:5      | Reached XP level 7. HP: 56/57 MP: 0/10
  5574 | D:5      | Noticed Duvessa
  5650 | D:5      | Found a staircase to the Ecumenical Temple.
  5727 | D:5      | Noticed Sigmund
  5743 | D:5      | Killed Sigmund
  5744 | D:5      | Reached skill level 6 in Fire Magic
  6000 | D:5      | Reached XP level 8. HP: 66/66 MP: 5/12
  6384 | D:5      | Reached skill level 1 in Short Blades
  6384 | D:5      | Reached skill level 1 in Evocations
  6530 | Temple   | Entered the Ecumenical Temple
  6609 | Temple   | Became a worshipper of Gozag Ym Sagoz the Greedy
  6956 | D:6      | Reached skill level 7 in Fire Magic
  7028 | D:6      | Noticed a manticore
  7030 | D:6      | Noticed a gargoyle
  7099 | D:6      | Noticed Pikel
  7440 | D:6      | Reached skill level 5 in Fighting
  7453 | D:6      | Found a bloodstained altar of Trog.
  7551 | D:5      | Noticed Dowan
  7560 | D:5      | Killed Duvessa
  7566 | D:5      | Killed Dowan
  7567 | D:5      | Reached XP level 9. HP: 39/74 MP: 4/14
  7751 | D:2      | Bought a polished helmet for 218 gold pieces
  7751 | D:2      | Identified the +2 helmet "Atop Vye" {Contam rN+ Int+5} (You
                  | bought it in a shop on level 2 of the Dungeon)
  7886 | D:3      | Killed Ijyb
  8022 | D:4      | Killed heikuro's ghost
  8658 | D:7      | Reached skill level 8 in Fire Magic
  8774 | D:7      | Noticed Joseph
  8792 | D:7      | Killed Joseph
  9034 | D:7      | Reached skill level 5 in Conjurations
  9614 | D:7      | Reached skill level 5 in Armour
  9614 | D:7      | Reached skill level 9 in Fire Magic
  9614 | D:7      | Reached XP level 10. HP: 83/84 MP: 11/16
  9901 | D:2      | Bought a glowing hat for 161 gold pieces
  9901 | D:2      | Bought a thick robe for 131 gold pieces
  9901 | D:2      | Identified the +1 robe of Crawling {rF++ Int+6 Dex-5} (You
                  | bought it in a shop on level 2 of the Dungeon)
  9928 | D:2      | Learned a level 4 spell: Flame Wave
 10200 | D:8      | Found Wanosog's Book Emporium.
 10223 | D:8      | Found a blossoming altar of Fedhas.
 10256 | D:8      | Noticed a two-headed ogre
 10264 | D:8      | Killed a two-headed ogre
 10265 | D:8      | Reached skill level 10 in Fire Magic
 10571 | D:8      | Found an ancient bone altar of Kikubaaqudgha.
 11555 | D:9      | Killed Pikel
 11556 | D:9      | Reached skill level 5 in Spellcasting
 11595 | D:9      | Found a roughly hewn altar of Beogh.
 11597 | D:9      | Found a staircase to the Orcish Mines.
 11744 | D:9      | Noticed a rust devil
 11765 | D:9      | Found a broken altar of Ashenzari.
 11812 | D:9      | Saw a vision of the Shoals and the Snake Pit.
 11812 | D:9      | Noticed a kraken
 11812 | D:9      | Noticed a water nymph
 11912 | D:9      | Noticed a black mamba
 11913 | D:9      | Noticed a naga sharpshooter
 12055 | D:8      | Learned a level 4 spell: Sticky Flame
 12209 | D:9      | Reached skill level 11 in Fire Magic
 12309 | D:9      | Reached XP level 11. HP: 85/92 MP: 7/18
 12382 | D:9      | HP: 4/138 [hellwing (6)]
 12851 | D:9      | Identified the +9 dagger "Trog's Anger" {venom, rPois
                  | Dex+6}
 12876 | D:9      | Found an ornate altar of the Wu Jian Council.
 12938 | D:9      | Noticed a two-headed ogre
 12953 | D:9      | Killed a two-headed ogre
 12954 | D:9      | Reached skill level 1 in Axes
 13032 | D:9      | Learned a level 3 spell: Ignite Poison
 13192 | D:9      | Mangled by an ice devil

Illustrated notes

Levels and vault maps discovered:
D:1:      ncdulo_lavacross, layout_basic, basic_ecumenical_altar, serial_forest,
          infiniplex_forest_end_1, infiniplex_forest_lined_corner,
          infiniplex_forest_lined_room_3, infiniplex_forest_corner_1,
          infiniplex_forest_end_2, infiniplex_forest_end_3,
          infiniplex_forest_straight_2
D:2:      layout_rooms, serial_shops, shop
D:3:      layout_basic, cheibrodos_worm_habitat, nicolae_tso_besieged_by_evil,
          serial_curves, eino_curves_02, eino_curves_01, uniq_ijyb
D:4:      layout_gridville, mainiacjoe_overflow_brackets,
          ebering_ghost_disaster_area
D:5:      layout_basic, temple_fountains, kennysheep_generic_room_10,
          uniq_sigmund, uniq_duvessa, uniq_prince_ribbit1
D:6:      layout_basic, trog_hazing_becter, lightli_corner_chamber, uniq_pikel
D:7:      nicolae_cairo_tiling_large_dashed, layout_loops_cross, uniq_joseph
D:8:      layout_loops_ring, grunt_temple_overflow_growth_and_decay,
          serial_shops, shop
D:9:      layout_basic, mainiacjoe_overflow_alcove_2, grunt_ashenzari_visionary
          [grunt_ashenzari_visionary_shoals, grunt_ashenzari_visionary_snake],
          david_lair_shrubbed, david_orc_5, serial_demonic, serial_demonic_c,
          serial_demonic_e, serial_demonic_c, serial_demonic_b,
          serial_demonic_e, serial_demonic_d
Temple:   jpeg_temple_island

Skill      XL: |  1  2  3  4  5  6  7  8  9 10 11 |
---------------+----------------------------------+-----
Fighting       | 1 2 3 4 5 6 7 |  7.0
Dodging        | 2 |  2.0
Armour         | 1 2 3 5 |  5.0
Stealth        | 2 |  2.0
Spellcasting   | 2 3 4 5 |  5.5
Fire Magic     | 4 5 6 7 9 11 | 11.3
Conjurations   | 2 3 4 5 6 |  6.9
Throwing       | 1 |  1.0
Short Blades   | 1 2 3 |  3.7
Evocations     | 2 3 |  3.0
Axes           | 1 |  1.5
Transmutations | |  0.1
Poison Magic   | |  0.1

Action                   |  1- 3 |  4- 6 |  7- 9 | 10-12 || total
-------------------------+-------+-------+-------+-------++-------
Melee: Unarmed           |     1 |       |       |       ||     1
       Rapier            |    40 |    53 |    24 |       ||   117
       Club              |     2 |       |       |       ||     2
       Short sword       |       |       |    78 |       ||    78
       Punch             |       |       |     1 |     2 ||     3
       Dagger            |       |       |    33 |   119 ||   152
       Hand axe          |       |       |       |    41 ||    41
Throw: Dart              |       |       |     6 |     3 ||     9
 Cast: Foxfire           |    64 |   112 |   126 |   148 ||   450
       Scorch            |       |    19 |    60 |    50 ||   129
  Use: Scroll            |       |     5 |     9 |     3 ||    17
       Potion            |       |       |     3 |     5 ||     8
 Stab: Sleeping          |     2 |     1 |       |       ||     3
Armor: Robe              |    14 |    21 |    16 |    62 ||   113
       Ring mail         |       |       |    77 |     4 ||    81
       Skin              |       |       |       |   107 ||   107
Dodge: Dodged            |    68 |    60 |    98 |   106 ||   332

Table legend: (Time is in decaauts)
 A = Elapsed time spent in this place.
 B = Non-inter-level travel time spent in this place.
 C = Inter-level travel time spent in this place.
 D = Time resting spent in this place.
 E = Time spent auto-exploring this place.
 F = Levels seen in this place.
 G = Mean time per level.
                   A        B        C        D        E       F      G
               +--------+--------+--------+--------+--------+-----+--------+
         Total |  13162 |  12305 |    857 |   2085 |   7367 |  10 | 1316.2 |
       Dungeon |  13073 |  12224 |    849 |   2085 |   7310 |   9 | 1452.6 |
        Temple |     88 |     80 |      8 |      0 |     57 |   1 |   88.0 |
               +--------+--------+--------+--------+--------+-----+--------+

Top non-repeatable levels by time:
     D:9: 2143 daAuts
     D:5: 1873 daAuts
     D:3: 1672 daAuts
     D:1: 1609 daAuts
     D:4: 1379 daAuts
     D:7: 1208 daAuts
     D:6: 1152 daAuts
     D:2: 1025 daAuts
     D:8: 1006 daAuts
  Temple: 88 daAuts
